 Dungeon Crawl Stone Soup version 0.31-a0-986-g5e6e4ef867 (webtiles) character file.

Game seed: 3881432829080341470

131 AppTheSpectato the Trooper (level 5, -1/47 HPs)
             Began as a Hill Orc Gladiator on Nov 8, 2023.
             Slain by a hound (4 damage)
             ... on level 4 of the Dungeon.
             The game lasted 00:03:31 (2532 turns).

AppTheSpectato the Trooper (Hill Orc Gladiator)     Turns: 2532, Time: 00:03:32

Health: -1/47      AC:  4    Str: 17    XL:     5   Next: 14%
Magic:  5/5        EV: 12    Int:  8    God:
Gold:   179        SH:  0    Dex: 14    Spells: 4/4 levels left

rFire   + . .        a - +0 rapier
rCold   + . .        (no shield)
rNeg    . . .        b - +0 leather armour
rPois   +            j - +0 helmet
rElec   +            (no cloak)
rCorr   +            (no gloves)
SInv    .            (no boots)
Will    .....        (no amulet)
Stlth   +            (no ring)
HPRegen 0.27/turn    (no ring)
MPRegen 0.09/turn

%: no passive effects
@: lethally poisoned (-1 -> -8), resistant, attractive
A: no striking features
a: no special abilities


You were on level 4 of the Dungeon.
You visited 1 branch of the dungeon, and saw 4 of its levels.

You collected 179 gold pieces.

Inventory:

Hand Weapons
 a - a +0 rapier (weapon)
Missiles
 d - 3 throwing nets (quivered)
 e - a javelin
Armour
 b - a +0 leather armour (worn)
 j - a +0 helmet (worn)
Scrolls
 f - 2 scrolls of teleportation {unknown}
 l - 5 scrolls of identify {unknown}
 m - a scroll of blinking {unknown}
 n - a scroll of immolation {unknown}
 o - a scroll of enchant armour {unknown}
Potions
 c - a potion of curing {unknown}
 g - a potion of might
 h - a potion of attraction
 i - a potion of brilliance {unknown}
 k - a potion of resistance


   Skills:
 + Level 4.7 Fighting
 + Level 4.5 Short Blades
 - Level 1.7 Throwing
 - Level 2.4 Dodging


You had 4 spell levels left.
You didn't know any spells.
Your spell library contained the following spells:

 Spells                   Type           Power      Damage    Failure   Level
 Cigotuvi's Dreadful Rot  Necr/Pois/Air  0%         N/A       63%         2
 Static Discharge         Conj/Air       0%         3-3/arc   63%         2
 Ignite Poison            Fire/Tmut/Pois 0%         N/A       85%         3
 Airstrike                Air            0%         2d(0-16)  99%         4
 Summon Lightning Spire   Summ/Air       0%         N/A       99%         4
 Freezing Cloud           Conj/Ice/Air   0%         6-21      100%        5


Dungeon Overview and Level Annotations

Branches:
Dungeon (4/15)
 Temple: D:4-7

Altars:


Message History

You hit the hound.
The hound is moderately wounded.
You feel sick. The hound barely misses you. The adder misses you.
The scorpion closely misses you. The hound bites you.
The adder barely misses you.
You closely miss the hound.
The hound is moderately wounded.
You feel sick. The hound bites you. The scorpion closely misses you.
The adder bites you.
You are more poisoned.
The adder poisons you!
You barely miss the hound.
The hound is moderately wounded.
You feel sick. The hound bites you but does no damage. The scorpion stings you.
The adder bites you but does no damage. The hound barely misses you.
You hit the hound but do no damage.
The hound is moderately wounded.
You feel sick. The scorpion stings you. The adder bites you.
The hound bites you but does no damage.
You hit the hound.
The hound is heavily wounded.
You feel sick. The hound bites you. The adder closely misses you.
The scorpion barely misses you. The hound misses you. The adder misses you.
It was a potion of attraction.
You feel attractive to monsters.
You feel sick. The scorpion stings you.
* * * LOW HITPOINT WARNING * * *
The hound bites you but does no damage. The adder barely misses you.
The scorpion misses you.
It was a potion of resistance.
You feel protected.
You feel sick. The hound bites you.
* * * LOW HITPOINT WARNING * * *
The adder bites you.
* * * LOW HITPOINT WARNING * * *
You are lethally poisoned!
The adder poisons you! The scorpion stings you.
* * * LOW HITPOINT WARNING * * *
The hound bites you.
You die...

##..## ..
.....##..#
........##
........#
#.......#
##...#...#
##........#
..##...sS....#
.......@##......
#.....h## ##...
##..... .
..#.... . #....
...... .......
.......


You could see a scorpion, a hound and an adder.

Vanquished Creatures
  Natasha (twice) (D:2)
  Terence (D:3)
  An adder (D:3)
  3 worms
  An orc (D:3)
  4 endoplasms
  2 giant cockroaches
  2 goblins
  4 hobgoblins
  8 kobolds
  2 quokkas (D:1)
  4 ball pythons
  3 bats (D:3)
  2 frilled lizards
  5 rats
44 creatures vanquished.

Notes
Turn   | Place    | Note
-------+----------+-------------------------------------------
     0 | D:1      | AppTheSpectato the Hill Orc Gladiator began the quest for
                  | the Orb.
     0 | D:1      | Reached XP level 1. HP: 18/18 MP: 1/1
   218 | D:1      | Reached XP level 2. HP: 7/25 MP: 2/2
   691 | D:2      | Noticed Natasha
   707 | D:2      | Killed Natasha
   708 | D:2      | Reached XP level 3. HP: 12/33 MP: 3/3
  1337 | D:2      | Noticed Natasha
  1348 | D:2      | Killed Natasha
  1349 | D:2      | Reached XP level 4. HP: 13/40 MP: 4/4
  2012 | D:3      | Noticed Terence
  2025 | D:3      | Killed Terence
  2026 | D:3      | Reached XP level 5. HP: 8/47 MP: 5/5
  2532 | D:4      | Slain by a hound

Illustrated notes

Levels and vault maps discovered:
D:1:      lightli_arrival_lavapool, layout_basic
D:2:      layout_basic, uniq_natasha
D:3:      layout_loops_cross, moated_statue, minmay_misc_feat_hallway,
          minmay_misc_feat_iff, uniq_terence
D:4:      layout_cave_pools, reono_crystal_passage

Skill      XL: |  1  2  3 |
---------------+----------+-----
Fighting       | 3 4 |  4.7
Short Blades   | 4 |  4.5
Throwing       | |  1.7
Dodging        | |  2.4

Action                     |  1- 3 |  4- 6 || total
---------------------------+-------+-------++-------
  Melee: Rapier            |   110 |    94 ||   204
    Use: Potion            |       |     3 ||     3
 Armour: Leather armour    |    49 |    54 ||   103
  Dodge: Dodged            |    56 |    55 ||   111

Table legend: (Time is in decaauts)
 A = Elapsed time spent in this place.
 B = Non-inter-level travel time spent in this place.
 C = Inter-level travel time spent in this place.
 D = Time resting spent in this place.
 E = Time spent auto-exploring this place.
 F = Levels seen in this place.
 G = Mean time per level.
                   A        B        C        D        E       F      G
               +--------+--------+--------+--------+--------+-----+--------+
         Total |   2545 |   2451 |     94 |     61 |   1958 |   4 |  636.2 |
       Dungeon |   2545 |   2451 |     94 |     61 |   1958 |   4 |  636.2 |
               +--------+--------+--------+--------+--------+-----+--------+

Top non-repeatable levels by time:
     D:3: 1029 daAuts
     D:2: 822 daAuts
     D:1: 681 daAuts
     D:4: 12 daAuts
